Philadelphia Flyers vs St.Louis Blues
(R1)
Created - Saturday, March 25, 2023 at 08:48
Goals
|
| Philadelphia Flyers |
0 |
3 |
1 |
4 |
| St.Louis Blues |
1 |
3 |
2 |
6 |
|
Shots
|
| Philadelphia Flyers |
4 |
18 |
16 |
38 |
| St.Louis Blues |
19 |
9 |
8 |
36 |
|
1st period
1. St.Louis Blues , Alex Tuch 3 (Elias Pettersson 6, Joe Pavelski 3) at 13:42 (PP)
Penalties :
Niko Mikkola (STL) for Hooking (Minor) at 7:40, Yanni Gourde (PHI) for Interference (Minor) at 13:35, Oliver Ekman-Larsson (PHI) for Hooking (Minor) at 14:03, Adam Pelech (STL) for Hooking (Minor) at 16:49
2nd period
2. St.Louis Blues , Alex Tuch 4 (Elias Pettersson 7) at 2:18
3. Philadelphia Flyers , Tyler Bertuzzi 5 (Elias Lindholm 8, Justin Faulk 4) at 3:12 (PP)
4. Philadelphia Flyers , Calle Jarnkrok 3 (Evgenii Dadonov 2, Carter Verhaeghe 3) at 8:08
5. St.Louis Blues , Evander Kane 2 (Jack Eichel 5) at 10:20
6. Philadelphia Flyers , Riley Sheahan 2 (Marcus Johansson 3) at 11:31
7. St.Louis Blues , Joe Pavelski 4 (Jack Eichel 6, Niko Mikkola 1) at 19:08
Penalties :
Carter Verhaeghe (PHI) for High sticking (Double Minor) at 0:59, Evander Kane (STL) for Hooking (Minor) at 2:01, Alex Pietrangelo (STL) for Cross-checking (Minor) at 2:39, Jake Guentzel (STL) for Hooking (Minor) at 15:12
3rd period
8. Philadelphia Flyers , Elias Lindholm 7 (Derrick Pouliot 1, Tyler Bertuzzi 7) at 8:25
9. St.Louis Blues , Elias Pettersson 5 (Jonas Brodin 2, Morgan Rielly 5) at 11:35
10. St.Louis Blues , Joe Pavelski 5 (Evander Kane 5, Jack Eichel 7) at 18:39
Penalties :
Justin Faulk (PHI) for Tripping (Minor) at 13:37, Morgan Rielly (STL) for Hooking (Minor) at 19:42
Goalie Stats
Linus Ullmark (PHI), 30 saves from 36 shots - (0.833), L, 4-4-0, 60:00 minutes
Frederik Andersen (STL), 34 saves from 38 shots - (0.895), W, 5-2-0, 60:00 minutes
Players Stats for Philadelphia Flyers
Player Name G A P +/- PIM S H SB GA TA FO MP PP MP PK MP
------------------------------------------------------------------------------------
Alexander Barabanov 0 0 0 0 0 3 1 1 1 1 0/0 14:50 0:23 0:06
Alexander Edler 0 0 0 -3 0 0 1 1 0 1 0/0 22:07 2:27 2:46
Ben Chiarot 0 0 0 -1 0 0 2 2 0 1 0/0 21:04 0:00 3:00
Calle Jarnkrok 1 0 1 0 0 3 0 0 2 0 4/9 13:30 0:00 2:42
Calvin de Haan 0 0 0 2 0 0 1 3 1 0 0/0 15:10 0:00 1:02
Carter Verhaeghe 0 1 1 0 4 0 1 0 1 0 0/2 14:25 2:34 0:00
Derrick Pouliot 0 1 1 2 0 0 2 1 0 2 0/0 16:49 2:27 0:25
Elias Lindholm 1 1 2 -1 0 5 1 0 1 0 10/28 21:04 3:23 2:39
Evan Rodrigues 0 0 0 0 0 2 1 0 1 0 0/0 10:50 0:00 0:00
Evgenii Dadonov 0 1 1 0 0 2 0 1 0 1 0/0 13:51 2:34 0:00
Justin Faulk 0 1 1 -1 2 2 4 1 0 0 0/0 23:23 3:47 2:12
Marcus Johansson 0 1 1 -1 0 4 0 0 0 0 0/0 10:22 0:23 0:06
Matt Boldy 0 0 0 0 0 5 3 1 0 0 0/1 15:38 3:28 0:00
Oliver Ekman-Larsson 0 0 0 -3 2 3 2 0 0 0 0/0 21:59 3:47 1:29
Riley Sheahan 1 0 1 -1 0 2 1 0 0 1 1/5 9:13 0:00 0:00
Tomas Tatar 0 0 0 -1 0 1 1 0 2 0 0/0 9:32 0:06 0:00
Tyler Bertuzzi 1 1 2 -1 0 4 2 0 1 0 1/1 20:57 3:17 2:39
Yanni Gourde 0 0 0 0 2 2 1 0 1 1 11/20 17:08 2:34 2:42
Players Stats for St.Louis Blues
Player Name G A P +/- PIM S H SB GA TA FO MP PP MP PK MP
------------------------------------------------------------------------------------
Adam Pelech 0 0 0 1 2 1 2 0 0 1 0/0 11:19 0:00 1:50
Alex DeBrincat 0 0 0 0 0 5 1 0 1 0 0/0 16:11 2:27 0:09
Alex Pietrangelo 0 0 0 1 2 1 2 1 0 2 0/0 26:51 2:10 2:58
Alex Tuch 2 0 2 1 0 6 4 0 2 0 0/2 20:35 3:00 1:03
Danny DeKeyser 0 0 0 1 0 2 1 2 0 1 0/0 19:31 0:00 4:48
Elias Pettersson 1 2 3 1 0 5 1 0 0 1 13/30 20:53 3:00 1:12
Evander Kane 1 1 2 1 2 2 2 2 2 0 0/0 12:40 2:26 0:00
Frederick Gaudreau 0 0 0 0 0 1 2 0 1 1 10/10 11:04 0:00 3:52
Jack Eichel 0 3 3 1 0 0 0 2 0 0 3/5 9:39 0:00 0:00
Jake Guentzel 0 0 0 0 2 4 0 1 1 1 2/3 18:11 3:04 0:00
Jimmy Vesey 0 0 0 0 0 0 0 1 0 0 0/0 10:45 0:00 3:19
Joe Pavelski 2 1 3 1 0 3 0 1 0 1 3/4 12:55 3:00 0:00
Jonas Brodin 0 1 1 0 0 0 0 0 0 1 0/0 13:59 0:13 2:41
Morgan Rielly 0 1 1 0 2 0 0 0 1 0 0/0 25:06 3:17 0:00
Niko Mikkola 0 1 1 1 2 1 0 0 0 0 0/0 17:34 0:00 1:17
Ondrej Kase 0 0 0 0 0 1 0 0 0 0 0/0 8:12 0:00 1:43
Robert Thomas 0 0 0 0 0 2 1 0 0 0 7/11 18:18 2:27 1:43
Tage Thompson 0 0 0 0 0 2 0 1 0 2 1/1 16:47 2:10 0:00
3 Stars
1 - Joe Pavelski (STL)
2 - Alex Tuch (STL)
3 - Elias Pettersson (STL)
Power Play
Philadelphia Flyers - 1 on 6 Attempt(s) - 16.67%
St.Louis Blues - 1 on 5 Attempt(s) - 20.00%
Penalty Kill
Philadelphia Flyers - 4 on 5 Attempt(s) - 80.00%
- Score 0 goal in Penalty Kill
St.Louis Blues - 5 on 6 Attempt(s) - 83.33%
- Score 0 goal in Penalty Kill
Team Stat
Philadelphia Flyers - Hits : 24 - Faceoff Wins : 27 - Blocked Shots : 11 - Penalty Minutes : 10
St.Louis Blues - Hits : 16 - Faceoff Wins : 39 - Blocked Shots : 11 - Penalty Minutes : 12
Official
Referees : Dave Lewis and Brad Meier
Linesman : Steve Miller and John Grandt
Game Notes
Adam Pelech is injured at 9:05 of 2nd period (Right Foot)
Finance
Level 1 -- Attendance: 5570 (92.83%) -- Ticket Income $540,290
Level 2 -- Attendance: 4363 (87.26%) -- Ticket Income $248,691
Level 3 -- Attendance: 3000 (100.00%) -- Ticket Income $102,000
Level 4 -- Attendance: 4992 (99.84%) -- Ticket Income $114,816
Luxury Box -- Attendance: 867 (86.70%) -- Ticket Income $168,198
Game was played at the Scottrade Center.
Total Attendance: 18792 (93.96%)
Total Ticket Income: $1,173,995
Other Income: $410,898
Total Income: $1,584,893
Philadelphia Flyers
5 vs 5 Forward
Center Left Wing Right Wing Time % Phy DF OF
1 Elias Lindholm Tyler Bertuzzi Alexander Barabanov 30 1 1 3
2 Yanni Gourde Matt Boldy Evan Rodrigues 25 0 2 3
3 Calle Jarnkrok Carter Verhaeghe Evgenii Dadonov 25 0 2 3
4 Riley Sheahan Tomas Tatar Marcus Johansson 20 1 2 2
5 vs 5 Defense
Defense Defense Time % Phy DF OF
1 Justin Faulk Ben Chiarot 35 1 2 2
2 Oliver Ekman-Larsson Alexander Edler 35 1 2 2
3 Derrick Pouliot Calvin de Haan 30 1 2 2
4 Justin Faulk Ben Chiarot 0 1 2 2
PowerPlay Forward
Center Left Wing Right Wing Time % Phy DF OF
1 Elias Lindholm Tyler Bertuzzi Matt Boldy 55 0 1 4
2 Yanni Gourde Carter Verhaeghe Evgenii Dadonov 45 0 1 4
PowerPlay Defense
Defense Defense Time % Phy DF OF
1 Justin Faulk Oliver Ekman-Larsson 55 0 2 3
2 Alexander Edler Derrick Pouliot 45 0 2 3
Penalty Kill 4 Players Forward
Center Wing Time % Phy DF OF
1 Elias Lindholm Tyler Bertuzzi 50 1 3 1
2 Yanni Gourde Calle Jarnkrok 50 1 3 1
Penalty Kill 4 Players Defense
Defense Defense Time % Phy DF OF
1 Justin Faulk Ben Chiarot 50 1 4 0
2 Oliver Ekman-Larsson Alexander Edler 50 1 4 0
Penalty Kill - 3 Players Forward
Forward Time % Phy DF OF
1 Elias Lindholm 50 0 4 1
2 Yanni Gourde 50 0 4 1
Penalty Kill - 3 Players Defense
Defense Defense Time % Phy DF OF
1 Justin Faulk Ben Chiarot 50 0 5 0
2 Oliver Ekman-Larsson Alexander Edler 50 0 5 0
4 vs 4 Forward
Center Wing Time % Phy DF OF
1 Elias Lindholm Tyler Bertuzzi 50 1 1 3
2 Yanni Gourde Matt Boldy 50 1 1 3
4 vs 4 Defense
Defense Defense Time % Phy DF OF
1 Justin Faulk Ben Chiarot 50 1 2 2
2 Oliver Ekman-Larsson Alexander Edler 50 1 2 2
Last Minutes Offensive
Center Left Wing Right Wing Defense Defense
Elias Lindholm Tyler Bertuzzi Matt Boldy Justin Faulk Oliver Ekman-Larsson
Last Minutes Defensive
Center Left Wing Right Wing Defense Defense
Elias Lindholm Tyler Bertuzzi Yanni Gourde Justin Faulk Ben Chiarot
Goaltenders
Starting : Linus Ullmark
Backup : Mackenzie Blackwood
Extra Forwards
Normal : Elias Lindholm, Yanni Gourde, Carter Verhaeghe - PP : Elias Lindholm, Yanni Gourde - PK : Elias Lindholm
Extra Defensemen
Normal : Justin Faulk, Oliver Ekman-Larsson, Alexander Edler - PP : Justin Faulk - PK : Ben Chiarot, Alexander Edler
Penalty Shots
Evan Rodrigues, Calle Jarnkrok, Elias Lindholm, Calvin de Haan, Riley Sheahan
St.Louis Blues
5 vs 5 Forward
Center Left Wing Right Wing Time % Phy DF OF
1 Elias Pettersson Jake Guentzel Alex Tuch 40 0 2 3
2 Robert Thomas Alex DeBrincat Tage Thompson 30 1 2 2
3 Jack Eichel Evander Kane Joe Pavelski 20 0 2 3
4 Frederick Gaudreau Jimmy Vesey Ondrej Kase 10 1 3 1
5 vs 5 Defense
Defense Defense Time % Phy DF OF
1 Alex Pietrangelo Adam Pelech 40 1 2 2
2 Morgan Rielly Jonas Brodin 30 1 2 2
3 Danny DeKeyser Niko Mikkola 20 1 2 2
4 Alex Pietrangelo Adam Pelech 10 1 2 2
PowerPlay Forward
Center Left Wing Right Wing Time % Phy DF OF
1 Joe Pavelski Alex Tuch Elias Pettersson 60 1 0 4
2 Robert Thomas Alex DeBrincat Evander Kane 40 1 0 4
PowerPlay Defense
Defense Defense Time % Phy DF OF
1 Morgan Rielly Jake Guentzel 60 0 1 4
2 Tage Thompson Alex Pietrangelo 40 0 1 4
Penalty Kill 4 Players Forward
Center Wing Time % Phy DF OF
1 Frederick Gaudreau Jimmy Vesey 60 1 4 0
2 Robert Thomas Ondrej Kase 40 1 4 0
Penalty Kill 4 Players Defense
Defense Defense Time % Phy DF OF
1 Adam Pelech Danny DeKeyser 60 2 3 0
2 Jonas Brodin Niko Mikkola 40 2 3 0
Penalty Kill - 3 Players Forward
Forward Time % Phy DF OF
1 Frederick Gaudreau 60 0 5 0
2 Robert Thomas 40 0 5 0
Penalty Kill - 3 Players Defense
Defense Defense Time % Phy DF OF
1 Adam Pelech Danny DeKeyser 60 1 4 0
2 Jonas Brodin Niko Mikkola 40 1 4 0
4 vs 4 Forward
Center Wing Time % Phy DF OF
1 Elias Pettersson Alex Tuch 60 0 2 3
2 Robert Thomas Jake Guentzel 40 0 2 3
4 vs 4 Defense
Defense Defense Time % Phy DF OF
1 Alex Pietrangelo Adam Pelech 60 0 3 2
2 Morgan Rielly Jonas Brodin 40 0 3 2
Last Minutes Offensive
Center Left Wing Right Wing Defense Defense
Robert Thomas Elias Pettersson Jake Guentzel Alex Tuch Morgan Rielly
Last Minutes Defensive
Center Left Wing Right Wing Defense Defense
Frederick Gaudreau Jimmy Vesey Ondrej Kase Adam Pelech Alex Pietrangelo
Goaltenders
Starting : Frederik Andersen
Backup : Scott Wedgewood
Extra Forwards
Normal : Tage Thompson, Evander Kane, Frederick Gaudreau - PP : Alex DeBrincat, Jack Eichel - PK : Alex Tuch
Extra Defensemen
Normal : Morgan Rielly, Adam Pelech, Niko Mikkola - PP : Jonas Brodin - PK : Adam Pelech, Alex Pietrangelo
Penalty Shots
Alex DeBrincat, Joe Pavelski, Alex Tuch, Elias Pettersson, Robert Thomas
% Time on Ice - Philadelphia Flyers
Lines # - Real PCT - Wanted PCT - Time Play
Normal Forward
1 - 30% - 30% - 13:56
2 - 26% - 25% - 11:45
3 - 24% - 25% - 10:48
4 - 20% - 20% - 9:13
Normal Defense
1 - 35% - 35% - 16:08
2 - 36% - 35% - 16:21
3 - 29% - 30% - 13:13
4 - 0% - 0% - 0:00
PP Forward
1 - 59% - 55% - 3:40
2 - 41% - 45% - 2:34
PP Defense
1 - 61% - 55% - 3:47
2 - 39% - 45% - 2:27
PK Forward
1 - 49% - 50% - 2:39
2 - 51% - 50% - 2:48
PK Defense
1 - 54% - 50% - 2:58
2 - 46% - 50% - 2:29
PK3 Forward
1 - 0% - 50%
2 - 0% - 50%
PK3 Defense
1 - 0% - 50%
2 - 0% - 50%
44 Forward
1 - 50% - 50% - 1:19
2 - 50% - 50% - 1:18
44 Defense
1 - 49% - 50% - 1:17
2 - 51% - 50% - 1:20
Last Minute Offensive - 0:00
Last Minute Defensive - 0:00
Total
Forward - 60:00
Defense - 60:00
|
% Time on Ice - St.Louis Blues
Lines # - Real PCT - Wanted PCT - Time Play
Normal Forward
1 - 34% - 40% - 15:19
2 - 31% - 30% - 14:15
3 - 21% - 20% - 9:39
4 - 14% - 10% - 6:29
Normal Defense
1 - 42% - 40% - 19:15
2 - 26% - 30% - 11:44
3 - 29% - 20% - 13:21
4 - 3% - 10% - 1:22
PP Forward
1 - 55% - 60% - 3:00
2 - 45% - 40% - 2:27
PP Defense
1 - 56% - 60% - 3:04
2 - 44% - 40% - 2:23
PK Forward
1 - 72% - 60% - 4:31
2 - 28% - 40% - 1:43
PK Defense
1 - 68% - 60% - 4:15
2 - 32% - 40% - 1:59
PK3 Forward
1 - 100% - 60% - 0:33
2 - 0% - 40% - 0:00
PK3 Defense
1 - 100% - 60% - 0:33
2 - 0% - 40% - 0:00
44 Forward
1 - 79% - 60% - 1:38
2 - 21% - 40% - 0:26
44 Defense
1 - 83% - 60% - 1:43
2 - 17% - 40% - 0:21
Last Minute Offensive - 0:00
Last Minute Defensive - 0:00
Total
Forward - 60:00
Defense - 60:00
|
Play-by-Play
1st period
0:01 of 1st period - Elias Lindholm wins face-off versus Alex Tuch in neutral zone.
0:12 of 1st period - Snap shot by Tyler Bertuzzi.
0:12 of 1st period - Stopped by Frederik Andersen without a rebound.
0:13 of 1st period - Yanni Gourde wins face-off versus Robert Thomas in St.Louis Blues zone.
0:18 of 1st period - Wrist shot by Yanni Gourde.
0:18 of 1st period - Shot Misses the Net.
0:20 of 1st period - Slapshot by Yanni Gourde.
0:20 of 1st period - Deflect By Evan Rodrigues.
0:20 of 1st period - Stopped by Frederik Andersen without a rebound.
0:21 of 1st period - Robert Thomas wins face-off versus Yanni Gourde in St.Louis Blues zone.
0:36 of 1st period - Snap shot by Yanni Gourde.
0:36 of 1st period - Shot Misses the Net.
0:56 of 1st period - Slapshot by Carter Verhaeghe.
0:56 of 1st period - Shot Misses the Net.
1:20 of 1st period - Wrist shot by Elias Lindholm.
1:20 of 1st period - Stopped by Frederik Andersen without a rebound.
1:21 of 1st period - Elias Pettersson wins face-off versus Riley Sheahan in St.Louis Blues zone.
2:21 of 1st period - Slapshot by Tage Thompson.
2:21 of 1st period - Stopped by Linus Ullmark without a rebound.
2:22 of 1st period - Elias Pettersson wins face-off versus Yanni Gourde in Philadelphia Flyers zone.
2:25 of 1st period - Wrist shot by Jake Guentzel.
2:25 of 1st period - Shot Blocked by Calvin de Haan.
2:27 of 1st period - Slapshot by Elias Pettersson.
2:27 of 1st period - Shot Blocked by Calvin de Haan.
2:29 of 1st period - Slapshot by Elias Pettersson.
2:29 of 1st period - Shot Misses the Net.
2:31 of 1st period - Snap shot by Jake Guentzel.
2:31 of 1st period - Shot Misses the Net.
3:14 of 1st period - Snap shot by Tyler Bertuzzi.
3:14 of 1st period - Shot Blocked by Jack Eichel.
3:36 of 1st period - Slapshot by Ondrej Kase.
3:36 of 1st period - Stopped by Linus Ullmark without a rebound.
3:37 of 1st period - Jake Guentzel wins face-off versus Yanni Gourde in Philadelphia Flyers zone.
3:46 of 1st period - Slapshot by Alex Tuch.
3:46 of 1st period - Stopped by Linus Ullmark with a rebound.
3:48 of 1st period - Snap shot by Elias Pettersson.
3:48 of 1st period - Shot Misses the Net.
3:50 of 1st period - Snap shot by Elias Pettersson.
3:50 of 1st period - Shot Blocked by Alexander Edler.
3:52 of 1st period - Slapshot by Niko Mikkola.
3:52 of 1st period - Shot Misses the Net.
3:54 of 1st period - Slapshot by Danny DeKeyser.
3:54 of 1st period - Deflect By Yanni Gourde.
3:54 of 1st period - Stopped by Linus Ullmark without a rebound.
3:55 of 1st period - Robert Thomas wins face-off versus Calle Jarnkrok in Philadelphia Flyers zone.
3:58 of 1st period - Wrist shot by Alex DeBrincat.
3:58 of 1st period - Shot Blocked by Ben Chiarot.
4:00 of 1st period - Slapshot by Alex Pietrangelo.
4:00 of 1st period - Stopped by Linus Ullmark with a rebound.
4:02 of 1st period - Slapshot by Adam Pelech.
4:02 of 1st period - Stopped by Linus Ullmark without a rebound.
4:03 of 1st period - Calle Jarnkrok wins face-off versus Robert Thomas in Philadelphia Flyers zone.
4:12 of 1st period - Snap shot by Carter Verhaeghe.
4:12 of 1st period - Shot Misses the Net.
4:38 of 1st period - Snap shot by Alex DeBrincat.
4:38 of 1st period - Shot Misses the Net.
4:42 of 1st period - Backhand shot by Alex DeBrincat.
4:42 of 1st period - Stopped by Linus Ullmark with a rebound.
4:44 of 1st period - Wrist shot by Robert Thomas.
4:44 of 1st period - Stopped by Linus Ullmark with a rebound.
4:46 of 1st period - Slapshot by Alex Pietrangelo.
4:46 of 1st period - Shot Blocked by Evgenii Dadonov.
4:48 of 1st period - Slapshot by Alex Pietrangelo.
4:48 of 1st period - Shot Blocked by Justin Faulk.
4:50 of 1st period - Backhand shot by Robert Thomas.
4:50 of 1st period - Stopped by Linus Ullmark with a rebound.
4:56 of 1st period - Wrist shot by Alex DeBrincat.
4:56 of 1st period - Shot Misses the Net.
5:32 of 1st period - Slapshot by Alex DeBrincat.
5:32 of 1st period - Stopped by Linus Ullmark with a rebound.
5:38 of 1st period - Wrist shot by Alex DeBrincat.
5:38 of 1st period - Shot Misses the Net.
5:40 of 1st period - Snap shot by Alex Pietrangelo.
5:40 of 1st period - Deflect By Alex DeBrincat.
5:40 of 1st period - Stopped by Linus Ullmark with a rebound.
6:02 of 1st period - Slapshot by Tage Thompson.
6:02 of 1st period - Stopped by Linus Ullmark without a rebound.
6:03 of 1st period - Elias Pettersson wins face-off versus Elias Lindholm in Philadelphia Flyers zone.
7:13 of 1st period - Snap shot by Alex Tuch.
7:13 of 1st period - Stopped by Linus Ullmark with a rebound.
7:15 of 1st period - Snap shot by Alex Tuch.
7:15 of 1st period - Stopped by Linus Ullmark with a rebound.
7:40 of 1st period - Minor Penalty to Niko Mikkola for Hooking.
7:41 of 1st period - Frederick Gaudreau wins face-off versus Elias Lindholm in St.Louis Blues zone.
7:46 of 1st period - Icing by Tyler Bertuzzi.
7:47 of 1st period - Frederick Gaudreau wins face-off versus Elias Lindholm in Philadelphia Flyers zone.
9:27 of 1st period - Oliver Ekman-Larsson is hit by Danny DeKeyser and loses puck.
9:40 of 1st period - Penalty to Niko Mikkola is over, Niko Mikkola is back on ice.
9:44 of 1st period - Alex Pietrangelo is hit by Derrick Pouliot and loses puck.
10:55 of 1st period - Justin Faulk is hit by Adam Pelech and loses puck.
11:00 of 1st period - Snap shot by Alex DeBrincat.
11:00 of 1st period - Shot Blocked by Ben Chiarot.
12:27 of 1st period - Ondrej Kase is hit by Justin Faulk and loses puck.
12:42 of 1st period - Jimmy Vesey is hit by Elias Lindholm and loses puck.
13:18 of 1st period - Calvin de Haan is hit by Evander Kane and loses puck.
13:25 of 1st period - Snap shot by Evander Kane.
13:25 of 1st period - Stopped by Linus Ullmark with a rebound.
13:35 of 1st period - Minor Penalty to Yanni Gourde for Interference.
13:36 of 1st period - Joe Pavelski wins face-off versus Elias Lindholm in Philadelphia Flyers zone.
13:40 of 1st period - Slapshot by Alex Tuch.
13:40 of 1st period - Shot Misses the Net.
13:42 of 1st period - Snap shot by Alex Tuch.
13:42 of 1st period - Deflect By Tyler Bertuzzi.
13:42 of 1st period - Goal by Alex Tuch - Philadelphia Flyers : 0 - St.Louis Blues : 1.
13:43 of 1st period - Elias Pettersson wins face-off versus Elias Lindholm in neutral zone.
13:58 of 1st period - Snap shot by Jake Guentzel.
13:58 of 1st period - Stopped by Linus Ullmark with a rebound.
14:00 of 1st period - Slapshot by Alex Pietrangelo.
14:00 of 1st period - Deflect By Jake Guentzel.
14:00 of 1st period - Stopped by Linus Ullmark without a rebound.
14:01 of 1st period - Yanni Gourde wins face-off versus Jack Eichel in Philadelphia Flyers zone.
14:03 of 1st period - Minor Penalty to Oliver Ekman-Larsson for Hooking.
14:04 of 1st period - Yanni Gourde wins face-off versus Joe Pavelski in Philadelphia Flyers zone.
14:50 of 1st period - Morgan Rielly is hit by Tyler Bertuzzi and loses puck.
16:03 of 1st period - Penalty to Oliver Ekman-Larsson is over, Oliver Ekman-Larsson is back on ice.
16:49 of 1st period - Minor Penalty to Adam Pelech for Hooking.
16:50 of 1st period - Frederick Gaudreau wins face-off versus Elias Lindholm in St.Louis Blues zone.
17:00 of 1st period - Wrist shot by Tyler Bertuzzi.
17:00 of 1st period - Shot Blocked by Jimmy Vesey.
17:02 of 1st period - Wrist shot by Matt Boldy.
17:02 of 1st period - Stopped by Frederik Andersen without a rebound.
17:03 of 1st period - Frederick Gaudreau wins face-off versus Elias Lindholm in St.Louis Blues zone.
18:49 of 1st period - Penalty to Adam Pelech is over, Adam Pelech is back on ice.
19:17 of 1st period - Snap shot by Elias Pettersson.
19:17 of 1st period - Stopped by Linus Ullmark without a rebound.
19:18 of 1st period - Elias Lindholm wins face-off versus Jack Eichel in Philadelphia Flyers zone.
Goals for this period are 0 for Philadelphia Flyers vs 1 for St.Louis Blues.
Shots for this period are 4 for Philadelphia Flyers vs 19 for St.Louis Blues.
2nd period
0:01 of 2nd period - Elias Pettersson wins face-off versus Elias Lindholm in neutral zone.
0:12 of 2nd period - Elias Pettersson is hit by Tyler Bertuzzi and loses puck.
0:36 of 2nd period - Snap shot by Oliver Ekman-Larsson.
0:36 of 2nd period - Stopped by Frederik Andersen without a rebound.
0:37 of 2nd period - Tage Thompson wins face-off versus Calle Jarnkrok in St.Louis Blues zone.
0:37 of 2nd period - Tage Thompson is hit by Carter Verhaeghe.
0:59 of 2nd period - Double Minor Penalty to Carter Verhaeghe for High sticking.
1:00 of 2nd period - Joe Pavelski wins face-off versus Yanni Gourde in Philadelphia Flyers zone.
1:01 of 2nd period - Slapshot by Elias Pettersson.
1:01 of 2nd period - Stopped by Linus Ullmark without a rebound.
1:02 of 2nd period - Joe Pavelski wins face-off versus Yanni Gourde in Philadelphia Flyers zone.
2:01 of 2nd period - Minor Penalty to Evander Kane for Hooking.
2:02 of 2nd period - Elias Lindholm wins face-off versus Elias Pettersson in St.Louis Blues zone.
2:10 of 2nd period - Snap shot by Alex Tuch.
2:10 of 2nd period - Stopped by Linus Ullmark without a rebound.
2:11 of 2nd period - Elias Pettersson wins face-off versus Elias Lindholm in Philadelphia Flyers zone.
2:16 of 2nd period - Snap shot by Alex Tuch.
2:16 of 2nd period - Shot Misses the Net.
2:18 of 2nd period - Wrist shot by Alex Tuch.
2:18 of 2nd period - Goal by Alex Tuch - Philadelphia Flyers : 0 - St.Louis Blues : 2.
2:19 of 2nd period - Yanni Gourde wins face-off versus Elias Pettersson in neutral zone.
2:30 of 2nd period - Wrist shot by Yanni Gourde.
2:30 of 2nd period - Shot Misses the Net.
2:32 of 2nd period - Slapshot by Justin Faulk.
2:32 of 2nd period - Stopped by Frederik Andersen with a rebound.
2:34 of 2nd period - Snap shot by Yanni Gourde.
2:34 of 2nd period - Stopped by Frederik Andersen without a rebound.
2:35 of 2nd period - Elias Lindholm wins face-off versus Elias Pettersson in St.Louis Blues zone.
2:39 of 2nd period - Minor Penalty to Alex Pietrangelo for Cross-checking.
2:40 of 2nd period - Frederick Gaudreau wins face-off versus Matt Boldy in St.Louis Blues zone.
2:54 of 2nd period - Snap shot by Frederick Gaudreau.
2:54 of 2nd period - Stopped by Linus Ullmark without a rebound.
2:55 of 2nd period - Frederick Gaudreau wins face-off versus Elias Lindholm in Philadelphia Flyers zone.
3:12 of 2nd period - Snap shot by Tyler Bertuzzi.
3:12 of 2nd period - Goal by Tyler Bertuzzi - Philadelphia Flyers : 1 - St.Louis Blues : 2.
3:13 of 2nd period - Yanni Gourde wins face-off versus Alex Tuch in neutral zone.
4:03 of 2nd period - Adam Pelech is hit by Justin Faulk and loses puck.
4:39 of 2nd period - Penalty to Alex Pietrangelo is over, Alex Pietrangelo is back on ice.
4:59 of 2nd period - Penalty to Carter Verhaeghe is over, Carter Verhaeghe is back on ice.
5:14 of 2nd period - Snap shot by Tomas Tatar.
5:14 of 2nd period - Shot Misses the Net.
5:35 of 2nd period - Snap shot by Carter Verhaeghe.
5:35 of 2nd period - Shot Blocked by Jack Eichel.
5:37 of 2nd period - Snap shot by Carter Verhaeghe.
5:37 of 2nd period - Shot Misses the Net.
5:39 of 2nd period - Snap shot by Evgenii Dadonov.
5:39 of 2nd period - Shot Blocked by Danny DeKeyser.
5:41 of 2nd period - Slapshot by Alexander Edler.
5:41 of 2nd period - Shot Misses the Net.
5:43 of 2nd period - Slapshot by Oliver Ekman-Larsson.
5:43 of 2nd period - Shot Blocked by Joe Pavelski.
6:23 of 2nd period - Snap shot by Alexander Barabanov.
6:23 of 2nd period - Stopped by Frederik Andersen without a rebound.
6:24 of 2nd period - Calle Jarnkrok wins face-off versus Robert Thomas in St.Louis Blues zone.
6:25 of 2nd period - Snap shot by Evgenii Dadonov.
6:25 of 2nd period - Shot Blocked by Tage Thompson.
7:07 of 2nd period - Wrist shot by Tomas Tatar.
7:07 of 2nd period - Shot Blocked by Evander Kane.
7:09 of 2nd period - Snap shot by Tomas Tatar.
7:09 of 2nd period - Shot Misses the Net.
7:11 of 2nd period - Slapshot by Justin Faulk.
7:11 of 2nd period - Deflect By Riley Sheahan.
7:11 of 2nd period - Stopped by Frederik Andersen with a rebound.
7:13 of 2nd period - Slapshot by Justin Faulk.
7:13 of 2nd period - Stopped by Frederik Andersen without a rebound.
7:14 of 2nd period - Elias Pettersson wins face-off versus Yanni Gourde in St.Louis Blues zone.
7:41 of 2nd period - Calvin de Haan is hit by Adam Pelech and loses puck.
8:08 of 2nd period - Wrist shot by Calle Jarnkrok.
8:08 of 2nd period - Goal by Calle Jarnkrok - Philadelphia Flyers : 2 - St.Louis Blues : 2.
8:09 of 2nd period - Tyler Bertuzzi wins face-off versus Elias Pettersson in neutral zone.
8:19 of 2nd period - Snap shot by Jake Guentzel.
8:19 of 2nd period - Stopped by Linus Ullmark without a rebound.
8:20 of 2nd period - Elias Lindholm wins face-off versus Elias Pettersson in Philadelphia Flyers zone.
9:00 of 2nd period - Off-side.
9:01 of 2nd period - Yanni Gourde wins face-off versus Elias Pettersson in neutral zone.
9:04 of 2nd period - Adam Pelech is hit by Matt Boldy and loses puck.
9:05 of 2nd period - Adam Pelech from St.Louis Blues is injured at 9:05 of 2nd period (Right Foot).
9:06 of 2nd period - Elias Lindholm wins face-off versus Elias Pettersson in St.Louis Blues zone.
9:11 of 2nd period - Wrist shot by Tyler Bertuzzi.
9:11 of 2nd period - Deflect By Elias Lindholm.
9:11 of 2nd period - Stopped by Frederik Andersen with a rebound.
9:13 of 2nd period - Slapshot by Elias Lindholm.
9:13 of 2nd period - Shot Misses the Net.
9:19 of 2nd period - Backhand shot by Alexander Barabanov.
9:19 of 2nd period - Stopped by Frederik Andersen without a rebound.
9:20 of 2nd period - Elias Pettersson wins face-off versus Yanni Gourde in St.Louis Blues zone.
9:20 of 2nd period - Elias Pettersson is hit by Matt Boldy.
9:23 of 2nd period - Icing by Alex Tuch.
9:24 of 2nd period - Yanni Gourde wins face-off versus Elias Pettersson in St.Louis Blues zone.
9:29 of 2nd period - Snap shot by Matt Boldy.
9:29 of 2nd period - Stopped by Frederik Andersen with a rebound.
9:53 of 2nd period - Slapshot by Alexander Barabanov.
9:53 of 2nd period - Stopped by Frederik Andersen with a rebound.
10:20 of 2nd period - Wrist shot by Evander Kane.
10:20 of 2nd period - Goal by Evander Kane - Philadelphia Flyers : 2 - St.Louis Blues : 3.
10:21 of 2nd period - Elias Pettersson wins face-off versus Calle Jarnkrok in neutral zone.
10:28 of 2nd period - Wrist shot by Elias Pettersson.
10:28 of 2nd period - Stopped by Linus Ullmark without a rebound.
10:29 of 2nd period - Calle Jarnkrok wins face-off versus Elias Pettersson in Philadelphia Flyers zone.
10:38 of 2nd period - Wrist shot by Evgenii Dadonov.
10:38 of 2nd period - Shot Misses the Net.
10:40 of 2nd period - Slapshot by Carter Verhaeghe.
10:40 of 2nd period - Shot Misses the Net.
10:42 of 2nd period - Slapshot by Calle Jarnkrok.
10:42 of 2nd period - Stopped by Frederik Andersen without a rebound.
10:43 of 2nd period - Yanni Gourde wins face-off versus Elias Pettersson in St.Louis Blues zone.
10:48 of 2nd period - Snap shot by Yanni Gourde.
10:48 of 2nd period - Shot Blocked by Jake Guentzel.
11:31 of 2nd period - Snap shot by Riley Sheahan.
11:31 of 2nd period - Goal by Riley Sheahan - Philadelphia Flyers : 3 - St.Louis Blues : 3.
11:32 of 2nd period - Elias Pettersson wins face-off versus Carter Verhaeghe in neutral zone.
12:05 of 2nd period - Tage Thompson is hit by Oliver Ekman-Larsson and loses puck.
12:20 of 2nd period - Wrist shot by Elias Lindholm.
12:20 of 2nd period - Shot Misses the Net.
12:50 of 2nd period - Snap shot by Yanni Gourde.
12:50 of 2nd period - Stopped by Frederik Andersen with a rebound.
12:59 of 2nd period - Off-side.
13:00 of 2nd period - Frederick Gaudreau wins face-off versus Calle Jarnkrok in neutral zone.
13:05 of 2nd period - Slapshot by Danny DeKeyser.
13:05 of 2nd period - Shot Blocked by Calvin de Haan.
13:58 of 2nd period - Alex Tuch is hit by Justin Faulk and loses puck.
14:03 of 2nd period - Snap shot by Calle Jarnkrok.
14:03 of 2nd period - Shot Misses the Net.
14:05 of 2nd period - Wrist shot by Carter Verhaeghe.
14:05 of 2nd period - Shot Misses the Net.
14:07 of 2nd period - Snap shot by Carter Verhaeghe.
14:07 of 2nd period - Deflect By Evgenii Dadonov.
14:07 of 2nd period - Shot Misses the Net.
14:07 of 2nd period - Puck is out of play.
14:08 of 2nd period - Robert Thomas wins face-off versus Yanni Gourde in St.Louis Blues zone.
14:41 of 2nd period - Snap shot by Elias Lindholm.
14:41 of 2nd period - Stopped by Frederik Andersen with a rebound.
14:57 of 2nd period - Jake Guentzel is hit by Riley Sheahan and loses puck.
15:12 of 2nd period - Minor Penalty to Jake Guentzel for Hooking.
15:13 of 2nd period - Frederick Gaudreau wins face-off versus Elias Lindholm in St.Louis Blues zone.
15:13 of 2nd period - Frederick Gaudreau is hit by Matt Boldy.
16:36 of 2nd period - Yanni Gourde is hit by Robert Thomas and loses puck.
17:12 of 2nd period - Penalty to Jake Guentzel is over, Jake Guentzel is back on ice.
17:29 of 2nd period - Wrist shot by Joe Pavelski.
17:29 of 2nd period - Stopped by Linus Ullmark without a rebound.
17:30 of 2nd period - Robert Thomas wins face-off versus Riley Sheahan in Philadelphia Flyers zone.
17:57 of 2nd period - Riley Sheahan is hit by Alex Pietrangelo.
18:05 of 2nd period - Snap shot by Marcus Johansson.
18:05 of 2nd period - Stopped by Frederik Andersen without a rebound.
18:06 of 2nd period - Elias Lindholm wins face-off versus Elias Pettersson in St.Louis Blues zone.
19:02 of 2nd period - Slapshot by Jack Eichel.
19:02 of 2nd period - Shot Misses the Net.
19:04 of 2nd period - Slapshot by Niko Mikkola.
19:04 of 2nd period - Shot Blocked by Derrick Pouliot.
19:08 of 2nd period - Snap shot by Joe Pavelski.
19:08 of 2nd period - Goal by Joe Pavelski - Philadelphia Flyers : 3 - St.Louis Blues : 4.
19:09 of 2nd period - Elias Lindholm wins face-off versus Elias Pettersson in neutral zone.
19:40 of 2nd period - Snap shot by Matt Boldy.
19:40 of 2nd period - Stopped by Frederik Andersen without a rebound.
19:41 of 2nd period - Yanni Gourde wins face-off versus Robert Thomas in St.Louis Blues zone.
Goals for this period are 3 for Philadelphia Flyers vs 3 for St.Louis Blues.
Shots for this period are 18 for Philadelphia Flyers vs 9 for St.Louis Blues.
3rd period
0:01 of 3rd period - Elias Lindholm wins face-off versus Elias Pettersson in neutral zone.
0:16 of 3rd period - Wrist shot by Jake Guentzel.
0:16 of 3rd period - Shot Misses the Net.
0:26 of 3rd period - Morgan Rielly is hit by Yanni Gourde and loses puck.
0:37 of 3rd period - Snap shot by Matt Boldy.
0:37 of 3rd period - Stopped by Frederik Andersen without a rebound.
0:38 of 3rd period - Jake Guentzel wins face-off versus Calle Jarnkrok in St.Louis Blues zone.
0:55 of 3rd period - Calle Jarnkrok is hit by Alex Tuch.
1:09 of 3rd period - Snap shot by Elias Lindholm.
1:09 of 3rd period - Stopped by Frederik Andersen with a rebound.
1:11 of 3rd period - Slapshot by Tyler Bertuzzi.
1:11 of 3rd period - Stopped by Frederik Andersen without a rebound.
1:12 of 3rd period - Robert Thomas wins face-off versus Elias Lindholm in St.Louis Blues zone.
2:25 of 3rd period - Snap shot by Tomas Tatar.
2:25 of 3rd period - Stopped by Frederik Andersen without a rebound.
2:26 of 3rd period - Frederick Gaudreau wins face-off versus Riley Sheahan in St.Louis Blues zone.
2:33 of 3rd period - Snap shot by Marcus Johansson.
2:33 of 3rd period - Deflect By Morgan Rielly.
2:33 of 3rd period - Shot Blocked by Alex Pietrangelo.
2:33 of 3rd period - Puck is out of play.
2:34 of 3rd period - Elias Pettersson wins face-off versus Elias Lindholm in St.Louis Blues zone.
2:34 of 3rd period - Elias Pettersson is hit by Alexander Barabanov.
3:00 of 3rd period - Wrist shot by Yanni Gourde.
3:00 of 3rd period - Shot Misses the Net.
3:02 of 3rd period - Snap shot by Matt Boldy.
3:02 of 3rd period - Stopped by Frederik Andersen without a rebound.
3:03 of 3rd period - Robert Thomas wins face-off versus Yanni Gourde in St.Louis Blues zone.
3:03 of 3rd period - Robert Thomas is hit by Evan Rodrigues.
3:48 of 3rd period - Slapshot by Oliver Ekman-Larsson.
3:48 of 3rd period - Stopped by Frederik Andersen with a rebound.
3:54 of 3rd period - Wrist shot by Marcus Johansson.
3:54 of 3rd period - Stopped by Frederik Andersen with a rebound.
5:02 of 3rd period - Wrist shot by Alexander Barabanov.
5:02 of 3rd period - Deflect By Jonas Brodin.
5:02 of 3rd period - Shot Misses the Net.
5:02 of 3rd period - Puck is out of play.
5:03 of 3rd period - Elias Pettersson wins face-off versus Elias Lindholm in St.Louis Blues zone.
5:53 of 3rd period - Wrist shot by Evgenii Dadonov.
5:53 of 3rd period - Stopped by Frederik Andersen with a rebound.
6:13 of 3rd period - Morgan Rielly is hit by Oliver Ekman-Larsson and loses puck.
6:33 of 3rd period - Justin Faulk is hit by Alex Tuch and loses puck.
6:46 of 3rd period - Snap shot by Jake Guentzel.
6:46 of 3rd period - Shot Blocked by Alexander Barabanov.
6:56 of 3rd period - Niko Mikkola is hit by Derrick Pouliot and loses puck.
7:01 of 3rd period - Snap shot by Marcus Johansson.
7:01 of 3rd period - Stopped by Frederik Andersen without a rebound.
7:02 of 3rd period - Riley Sheahan wins face-off versus Elias Pettersson in St.Louis Blues zone.
7:24 of 3rd period - Slapshot by Marcus Johansson.
7:24 of 3rd period - Shot Misses the Net.
7:32 of 3rd period - Robert Thomas is hit by Alexander Edler and loses puck.
8:03 of 3rd period - Wrist shot by Calle Jarnkrok.
8:03 of 3rd period - Shot Blocked by Evander Kane.
8:15 of 3rd period - Derrick Pouliot is hit by Alex Tuch.
8:23 of 3rd period - Slapshot by Tyler Bertuzzi.
8:23 of 3rd period - Stopped by Frederik Andersen with a rebound.
8:25 of 3rd period - Slapshot by Derrick Pouliot.
8:25 of 3rd period - Deflect By Elias Lindholm.
8:25 of 3rd period - Goal by Elias Lindholm - Philadelphia Flyers : 4 - St.Louis Blues : 4.
8:26 of 3rd period - Yanni Gourde wins face-off versus Elias Pettersson in neutral zone.
8:31 of 3rd period - Wrist shot by Evan Rodrigues.
8:31 of 3rd period - Stopped by Frederik Andersen with a rebound.
8:52 of 3rd period - Tage Thompson is hit by Ben Chiarot and loses puck.
9:23 of 3rd period - Danny DeKeyser is hit by Calvin de Haan and loses puck.
10:02 of 3rd period - Evan Rodrigues is hit by Elias Pettersson and loses puck.
10:28 of 3rd period - Snap shot by Robert Thomas.
10:28 of 3rd period - Shot Misses the Net.
10:50 of 3rd period - Snap shot by Calle Jarnkrok.
10:50 of 3rd period - Stopped by Frederik Andersen with a rebound.
11:27 of 3rd period - Slapshot by Morgan Rielly.
11:27 of 3rd period - Shot Misses the Net.
11:29 of 3rd period - Snap shot by Elias Pettersson.
11:29 of 3rd period - Shot Misses the Net.
11:33 of 3rd period - Slapshot by Elias Pettersson.
11:33 of 3rd period - Shot Misses the Net.
11:35 of 3rd period - Slapshot by Jonas Brodin.
11:35 of 3rd period - Deflect By Elias Pettersson.
11:35 of 3rd period - Goal by Elias Pettersson - Philadelphia Flyers : 4 - St.Louis Blues : 5.
11:36 of 3rd period - Elias Pettersson wins face-off versus Elias Lindholm in neutral zone.
11:41 of 3rd period - Wrist shot by Jake Guentzel.
11:41 of 3rd period - Shot Misses the Net.
11:43 of 3rd period - Snap shot by Alex Tuch.
11:43 of 3rd period - Shot Misses the Net.
11:45 of 3rd period - Slapshot by Niko Mikkola.
11:45 of 3rd period - Deflect By Elias Lindholm.
11:45 of 3rd period - Stopped by Linus Ullmark with a rebound.
11:47 of 3rd period - Slapshot by Alex Pietrangelo.
11:47 of 3rd period - Deflect By Jake Guentzel.
11:47 of 3rd period - Shot Misses the Net.
11:47 of 3rd period - Puck is out of play.
11:48 of 3rd period - Yanni Gourde wins face-off versus Jake Guentzel in Philadelphia Flyers zone.
12:05 of 3rd period - Evan Rodrigues is hit by Alex Pietrangelo and loses puck.
12:16 of 3rd period - Slapshot by Alex DeBrincat.
12:16 of 3rd period - Stopped by Linus Ullmark with a rebound.
12:26 of 3rd period - Elias Lindholm is hit by Alex DeBrincat and loses puck.
13:01 of 3rd period - Snap shot by Ondrej Kase.
13:01 of 3rd period - Shot Misses the Net.
13:03 of 3rd period - Slapshot by Frederick Gaudreau.
13:03 of 3rd period - Shot Hit the Post.
13:05 of 3rd period - Snap shot by Danny DeKeyser.
13:05 of 3rd period - Deflect By Marcus Johansson.
13:05 of 3rd period - Stopped by Linus Ullmark with a rebound.
13:27 of 3rd period - Slapshot by Jake Guentzel.
13:27 of 3rd period - Shot Blocked by Matt Boldy.
13:29 of 3rd period - Snap shot by Elias Pettersson.
13:29 of 3rd period - Stopped by Linus Ullmark with a rebound.
13:31 of 3rd period - Wrist shot by Jake Guentzel.
13:31 of 3rd period - Stopped by Linus Ullmark with a rebound.
13:37 of 3rd period - Minor Penalty to Justin Faulk for Tripping.
13:38 of 3rd period - Elias Lindholm wins face-off versus Elias Pettersson in Philadelphia Flyers zone.
13:49 of 3rd period - Alexander Edler is hit by Alex Tuch and loses puck.
14:14 of 3rd period - Snap shot by Alex DeBrincat.
14:14 of 3rd period - Stopped by Linus Ullmark with a rebound.
15:37 of 3rd period - Penalty to Justin Faulk is over, Justin Faulk is back on ice.
16:02 of 3rd period - Jimmy Vesey is hit by Ben Chiarot and loses puck.
16:13 of 3rd period - Wrist shot by Tomas Tatar.
16:13 of 3rd period - Shot Blocked by Danny DeKeyser.
16:34 of 3rd period - Yanni Gourde is hit by Frederick Gaudreau and loses puck.
16:41 of 3rd period - Yanni Gourde is hit by Frederick Gaudreau and loses puck.
16:54 of 3rd period - Alex Pietrangelo is hit by Justin Faulk and loses puck.
17:15 of 3rd period - Snap shot by Evgenii Dadonov.
17:15 of 3rd period - Stopped by Frederik Andersen without a rebound.
17:16 of 3rd period - Robert Thomas wins face-off versus Carter Verhaeghe in St.Louis Blues zone.
17:41 of 3rd period - Jonas Brodin is hit by Tomas Tatar and loses puck.
17:52 of 3rd period - Slapshot by Marcus Johansson.
17:52 of 3rd period - Stopped by Frederik Andersen without a rebound.
17:53 of 3rd period - Jack Eichel wins face-off versus Elias Lindholm in St.Louis Blues zone.
18:01 of 3rd period - Off-side.
18:02 of 3rd period - Jack Eichel wins face-off versus Elias Lindholm in neutral zone.
18:37 of 3rd period - Snap shot by Joe Pavelski.
18:37 of 3rd period - Shot Misses the Net.
18:39 of 3rd period - Snap shot by Joe Pavelski.
18:39 of 3rd period - Goal by Joe Pavelski - Philadelphia Flyers : 4 - St.Louis Blues : 6.
18:40 of 3rd period - Calle Jarnkrok wins face-off versus Elias Pettersson in neutral zone.
18:45 of 3rd period - Snap shot by Calle Jarnkrok.
18:45 of 3rd period - Shot Misses the Net.
18:55 of 3rd period - Slapshot by Oliver Ekman-Larsson.
18:55 of 3rd period - Stopped by Frederik Andersen without a rebound.
18:56 of 3rd period - Jack Eichel wins face-off versus Riley Sheahan in St.Louis Blues zone.
19:01 of 3rd period - Calvin de Haan is hit by Evander Kane and loses puck.
19:42 of 3rd period - Minor Penalty to Morgan Rielly for Hooking.
19:43 of 3rd period - Frederick Gaudreau wins face-off versus Elias Lindholm in St.Louis Blues zone.
Goals for this period are 1 for Philadelphia Flyers vs 2 for St.Louis Blues.
Shots for this period are 16 for Philadelphia Flyers vs 8 for St.Louis Blues.
Back to the Top